Map: Acid Plant LE

Players

Doom - Winner!

  • Race: Terran Terran
  • League: Master
  • Spawn Location: 11:00

Ikaruga

  • Race: Terran Terran
  • League: Master
  • Spawn Location: 5:00

VOD

Have the link to the VOD?

Description

Time

  • Played on: June 13, 2018, 10:01 a.m.
  • Length: 7:46
Show
View Real Time Build Order
Export as new Build Order

Doom Terran - Winner!

Build Orders: 1/1/1, Cyclone Opening 

Get SALT Encoding   

  12  0:01  SCV  
  13  0:13  SCV  
  14  0:17  Supply Depot  
  14  0:25  SCV  
  15  0:34  Refinery  
  15  0:38  SCV  
  16  0:45  Barracks  
  16  0:51  SCV  
  17  0:58  Refinery  
  17  1:03  SCV  
  18  1:15  SCV  
  19  1:27  SCV  
  20  1:34  Factory  
  20  1:38  Reaper  
  20  1:39  Orbital Command  
  21  1:49  Supply Depot  
  21  2:05  SCV  
  22  2:10  Reaper  
  23  2:17  SCV  
  23  2:20  Starport  
  24  2:24  Cyclone  
  24  2:29  SCV  
  28  2:32  Supply Depot  
  28  2:41  SCV  
  29  2:53  SCV  
  29  2:56  Cyclone  
  33  2:59  Supply Depot  
  33  3:00  Medivac  
  36  3:05  SCV  
  36  3:15  Barracks Reactor  
  36  3:17  SCV  
  37  3:29  SCV  
  37  3:30  Command Center  
  38  3:34  Starport Tech Lab  
  38  3:42  SCV  
  39  3:54  SCV  
  40  3:59  Cyclone  
  40  4:00  Hellion  
  45  4:05  Supply Depot  
  45  4:06  SCV  
  46  4:18  SCV  
  47  4:26  Raven  
  47  4:30  SCV, Command Center  
  50  4:42  Refinery x2  
  50  4:46  Orbital Command  
  50  4:49  SCV  
  51  5:01  Cyclone, SCV  
  55  5:07  Hellion  
  55  5:09  Raven  
  55  5:13  SCV  
  60  5:14  SCV  
  61  5:25  SCV  
  61  5:26  SCV  
  63  5:28  Cyclone  
  63  5:33  Cyclone  
  69  5:35  Supply Depot  
  69  5:37  SCV  
  69  5:41  Factory  
  69  5:42  Orbital Command, SCV  
  71  5:49  SCV  
  72  5:53  Supply Depot, Barracks Tech Lab  
  72  5:54  SCV, Barracks Reactor  
  73  6:01  High Capacity Fuel Tanks, SCV  
  73  6:02  Hellion  
  76  6:06  SCV, Hellion  
  76  6:08  SCV  
  80  6:13  SCV  
  81  6:18  SCV  
  81  6:20  Supply Depot, SCV  
  81  6:23  Cyclone  
  86  6:26  Armory  
  86  6:27  Raven  
  86  6:30  SCV  
  86  6:31  Factory Tech Lab  
  89  6:33  SCV  
  89  6:37  SCV  
  91  6:42  SCV  
  91  6:45  SCV  
  91  6:46  Supply Depot  
  93  6:49  Cyclone, SCV  
  97  6:55  Cyclone  
  100  7:04  SCV  
  100  7:07  SCV  
  92  7:12  SCV  
  93  7:17  SCV  
  93  7:21  SCV, Hellion  
  100  7:24  Supply Depot  
  102  7:32  SCV  
  102  7:36  Factory  
  106  7:40  Refinery  
  106  7:41  Refinery  
  106  7:43  Supply Depot  
  107  7:45  Armory  
  107  7:46  Supply Depot  
Show
View Real Time Build Order
Export as new Build Order

Ikaruga Terran 

Build Orders: 1/1/1, Cyclone Opening, Mech 

Get SALT Encoding   

  12  0:00  SCV  
  13  0:12  SCV  
  14  0:17  Supply Depot  
  14  0:25  SCV  
  15  0:29  Refinery  
  15  0:38  SCV  
  16  0:47  Barracks  
  16  0:50  SCV  
  16  0:57  Refinery  
  17  1:03  SCV  
  18  1:15  SCV  
  19  1:34  Orbital Command, Reaper  
  19  1:37  Factory  
  20  1:50  Supply Depot  
  20  2:00  SCV  
  21  2:06  Reaper  
  22  2:12  SCV  
  23  2:20  Cyclone  
  26  2:24  Starport  
  26  2:27  SCV  
  27  2:38  Barracks Tech Lab, Supply Depot  
  27  2:41  SCV  
  28  2:53  SCV  
  29  3:08  Raven  
  31  3:17  Command Center  
  31  3:24  Cyclone  
  34  3:28  SCV  
  34  3:29  Barracks Reactor  
  35  3:35  Supply Depot  
  35  3:47  SCV  
  36  3:52  Viking  
  38  3:59  SCV  
  39  4:10  Cyclone  
  40  4:22  SCV  
  41  4:27  Cyclone  
  41  4:29  Orbital Command  
  44  4:34  SCV  
  45  4:46  Cyclone, SCV  
  45  4:48  Command Center  
  49  4:56  SCV  
  49  4:58  SCV  
  49  4:59  Cyclone  
  54  5:02  Supply Depot  
  54  5:08  SCV  
  54  5:12  Refinery x2  
  55  5:14  SCV  
  59  5:21  SCV  
  59  5:26  SCV  
  61  5:34  SCV  
  61  5:35  Hellion x2  
  63  5:38  SCV  
  64  5:43  Factory  
  64  5:46  SCV  
  64  5:47  Starport Reactor  
  64  5:49  Factory  
  65  5:50  SCV  
  66  5:59  SCV  
  67  6:06  SCV  
  69  6:11  SCV  
  69  6:14  Armory  
  69  6:15  Armory  
  69  6:18  SCV  
  69  6:23  SCV  
  71  6:31  SCV  
  72  6:33  Siege Tank, Factory Tech Lab  
  72  6:34  Supply Depot  
  72  6:35  SCV  
  76  6:43  SCV  
  77  6:47  SCV  
  78  7:00  Siege Tank, Hellion x2  
Tags
 
Add a new tag
Caveats
  • Supply blocks, unpowered buildings, or Contaminate may cause inaccurate times.
  • Supply counts are checked every 10 seconds.